 Dungeon Crawl Stone Soup version 0.30-a0-297-g0ec75d9ef4 (webtiles) character file.

Game seed: 15193206230982539603

7444 themarg the Warrior (level 11, 0/116 HPs)
             Began as a Hill Orc Monk on Oct 19, 2022.
             Was an Elder of Nemelex Xobeh.
             Blown up by a kobold brigand (14 damage)
             ... with a mindburst bolt
             ... on level 9 of the Dungeon.
             The game lasted 00:35:07 (10613 turns).

themarg the Warrior (Hill Orc Monk)                Turns: 10613, Time: 00:35:08

Health: 0/116      AC: 17    Str: 22    XL:     11   Next: 15%
Magic:  20/20      EV:  8    Int: 10    God:    Nemelex Xobeh [****..]
Gold:   490        SH:  0    Dex: 13    Spells: 10/10 levels left

rFire   + + +      SeeInvis .    x - +2 trident of Seushr Nottio {drain, Fragile +Blink rF+++ Str+3}
rCold   . . .      Faith    .    (no shield)
rNeg    . . .      Spirit   .    I - +0 plate armour
rPois   .          Reflect  .    k - +0 hat
rElec   .          Harm     .    R - +2 cloak {Stlth+}
rCorr   .          Rampage  .    f - +0 pair of gloves {Stlth+}
Will    .....                    J - +0 pair of boots
Stlth   ..........               (no amulet)
HPRegen 0.39/turn                (no ring)
MPRegen 0.17/turn                (no ring)

@: no status effects
A: no striking features
a: Renounce Religion, Evoke Blink, Draw Escape, Draw Destruction, Draw
Summoning, Triple Draw, Deal Four


You were on level 9 of the Dungeon.
You worshipped Nemelex Xobeh.
Nemelex Xobeh was greatly pleased with you.
You visited 1 branch of the dungeon, and saw 9 of its levels.

You collected 510 gold pieces.
You spent 20 gold pieces at shops.

Inventory:

Hand Weapons
 w - a +0 flail
 x - the +2 trident of Seushr Nottio (weapon) {drain, Fragile +Blink rF+++ Str+3}
   (You found it on level 4 of the Dungeon)

   A truly terrible weapon, it drains the life of any living foe it strikes.
   Str:       It affects your strength (+3).
   rF:        It renders you almost immune to fire.
   +Blink:    It lets you blink.
   Fragile:   It will be destroyed if unequipped.
 S - a +2 whip of electrocution
Missiles
 e - 86 stones (quivered)
 h - 29 poisoned darts
 q - a throwing net
 t - 2 javelins
 E - 4 atropa-tipped darts
 K - 8 boomerangs
Armour
 f - a +0 pair of gloves of stealth (worn)
 k - a +0 hat (worn)
 u - a +0 tower shield
 I - a +0 plate armour (worn)
 J - a +0 pair of boots (worn)
 L - a scarf of resistance
 R - a +2 cloak of stealth (worn)
Wands
 j - a wand of flame (69)
 z - a wand of paralysis (5)
 H - a wand of acid (12)
Scrolls
 a - 4 scrolls of teleportation
 l - a scroll of butterflies
 m - a scroll of enchant weapon {unknown}
 p - a scroll of vulnerability
 r - 2 scrolls of amnesia
 s - 4 scrolls of blinking
 y - a scroll of fear
 B - 2 scrolls of magic mapping {unknown}
 D - a scroll of immolation {unknown}
 F - a scroll of noise {unknown}
 G - a scroll of brand weapon {unknown}
 P - 2 scrolls of enchant armour {unknown}
Potions
 b - a potion of berserk rage
 c - 5 potions of ambrosia
 d - 2 potions of cancellation
 g - 9 potions of curing
 i - a potion of flight {unknown}
 n - 2 potions of degeneration
 o - 2 potions of might
 v - a potion of brilliance
 A - a potion of invisibility {unknown}
 C - 3 potions of lignification
 M - a potion of magic {unknown}
 N - a potion of heal wounds {unknown}
 O - a potion of mutation {unknown}
 Q - a potion of haste


   Skills:
 + Level 16.9 Fighting
 - Level 3.8 Maces & Flails
 - Level 5.0 Armour
 - Level 5.0 Dodging
 - Level 3.0 Stealth
 - Level 5.0 Shields
 - Level 12.0 Invocations


You had 10 spell levels left.
You didn't know any spells.
Your spell library contained the following spells:

 Spells                   Type           Power      Damage    Failure   Level
 Freeze                   Ice            0%         1d3       100%        1
 Blink                    Tloc           0%         N/A       100%        2
 Momentum Strike          Conj/Tloc      0%         3d8       100%        2
 Frozen Ramparts          Ice            0%         1d1       100%        3
 Hailstorm                Conj/Ice       0%         3d3       100%        3
 Inner Flame              Hex/Fire       0%         N/A       100%        3
 Lesser Beckoning         Tloc           0%         N/A       100%        3
 Ozocubu's Armour         Ice            0%         N/A       100%        3
 Stone Arrow              Conj/Erth      0%         3d7       100%        3
 Animate Armour           Summ/Erth      0%         N/A       100%        4
 Cause Fear               Hex            0%         N/A       100%        4
 Manifold Assault         Tloc           0%         N/A       100%        4
 Passage of Golubria      Tloc           0%         N/A       100%        4
 Silence                  Hex/Air        0%         N/A       100%        5
 Ozocubu's Refrigeration  Ice            0%         4d7       100%        7
 Storm Form               Tmut/Air       0%         N/A       100%        7
 Discord                  Hex            0%         N/A       100%        8
 Lehudib's Crystal Spear  Conj/Erth      0%         10d2      100%        8


Dungeon Overview and Level Annotations

Branches:
Dungeon (9/15)             Temple (0/1) D:4             Orc (0/2) D:9
   Lair: D:8-11

Altars:
Cheibriados
Dithmenos
Gozag
Makhleb
Nemelex Xobeh
Ru
Sif Muna
Wu Jian

Shops:
D:1 ?[(   D:7 (*

Annotations:
D:9 Erolcha


Message History

You hit the two-headed ogre.
The two-headed ogre is moderately wounded.
The two-headed ogre hits you with a +0 giant spiked club!!
The two-headed ogre hits you with a +0 giant club.
Reach: x) +2 trident of Seushr Nottio {drain, Fragile +Blink rF+++ Str+3}
Press: ? - help, Dir - move target, f - two-headed ogre, p - Erolcha
Aim: a two-headed ogre, wielding a +0 giant spiked club and a +0 giant club (moderately wounded, lightly drained, about 21% to evade the +2 trident of Seushr Nottio)
Okay, then.
Aiming: Paralyse
Press: ? - help, Shift-Dir - straight line, f - two-headed ogre, p - Erolcha
Aim: a two-headed ogre, wielding a +0 giant spiked club and a +0 giant club (moderately wounded, lightly drained, chance to affect: 34%)
Okay, then.
Aiming: Corrosive Bolt
Press: ? - help, Shift-Dir - straight line, f - two-headed ogre, p - Erolcha
Aim: a two-headed ogre, wielding a +0 giant spiked club and a +0 giant club (moderately wounded, lightly drained, 86% to hit)
The bolt of acid hits the two-headed ogre!
The acid corrodes the two-headed ogre!
The two-headed ogre is heavily wounded.
The two-headed ogre hits you with a +0 giant spiked club!
The two-headed ogre hits you but does no damage.
Erolcha gestures at you while chanting.
You easily resist.
You puncture the two-headed ogre! You drain the two-headed ogre.
The two-headed ogre is almost dead.
The kobold brigand reads a scroll.
Wisps of shadow swirl around the kobold brigand.
The two-headed ogre misses you.
The two-headed ogre hits you with a +0 giant club!
* * * LOW HITPOINT WARNING * * *
You completely miss the two-headed ogre.
The two-headed ogre is almost dead.
The kobold shouts!
The kobold brigand throws a curare-tipped dart.
The curare-tipped dart barely misses you.
The centaur wields a +0 shortbow.
The centaur shoots an arrow.
The arrow hits you!
* * * LOW HITPOINT WARNING * * *
The kobold brigand zaps a wand.
Your mind is blasted!
You die...
Your body disappears without a glow.

########### #.........#
#<).[.....# ...#
#.[.@O....# ##...#
#####.[.##### #....##
#########....c.# #......
#...........c..###......
#.........KKK...##....#
#.........KOK.#.##....#
###.............#...Y...#
#........>.........<..y.##
#.#.............####g.o...


You could see a two-headed ogre (corroded, drained), Erolcha (corroded,
drained), a kobold brigand, 2 centaurs and 4 kobolds.

Vanquished Creatures
  A wizard (D:9)
  An ugly thing (D:9)
  A hornet (D:7)
  2 wyverns
  A basilisk (D:9)
  3 steam dragons
  A redback (D:9)
  An acid dragon (D:9)
  2 water moccasins
  2 orc warriors
  2 sky beasts
  A boggart (D:9)
  A centaur (D:8)
  A tengu (D:8)
  An ogre (D:5)
  A phantom (D:6)
  A lemure (D:4)
  6 kobold brigands
  3 bullfrogs
  A gnoll sergeant (D:8)
  6 scorpions
  11 wights
  8 killer bees
  An electric eel (D:8)
  A howler monkey (D:9)
  5 orc priests
  8 hounds
  2 jellies
  3 iron imps (D:6)
  An iguana (D:4)
  9 orc wizards
  6 gnolls
  2 adders (D:4)
  A river rat (D:9)
  A white imp (D:6)
  An ufetubus (D:5)
  5 dart slugs
  30 orcs
  12 ball pythons
  5 bats
  10 endoplasms
  5 giant cockroaches
  5 goblins
  6 hobgoblins
  7 jackals
  19 kobolds
  7 quokkas
  2 frilled lizards
  6 rats
218 creatures vanquished.

Vanquished Creatures (collateral kills)
  Erica (D:8)
  3 yaks (D:8)
  An orc warrior (D:8)
5 creatures vanquished.

Vanquished Creatures (others)
  A tengu conjurer (D:9)
  2 wights (D:9)
  A shadow imp (D:8)
  2 kobolds (D:9)
  2 fungi (D:1)
  13 plants
21 creatures vanquished.

Grand Total: 244 creatures vanquished

Notes
Turn   | Place    | Note
-------+----------+-------------------------------------------
     0 | D:1      | themarg the Hill Orc Monk began the quest for the Orb.
     0 | D:1      | Reached XP level 1. HP: 19/19 MP: 1/1
    90 | D:1      | Reached XP level 2. HP: 26/27 MP: 2/2
   304 | D:1      | Found Cexkaacs's Weapon Boutique.
   395 | D:1      | Found Itijasug's Antique Armour Shop.
   433 | D:1      | Found Hopevah's Magic Scroll Boutique.
   460 | D:1      | Reached skill level 4 in Fighting
   461 | D:1      | Reached XP level 3. HP: 33/33 MP: 3/3
   701 | D:1      | Found a faded altar of an unknown god.
  1123 | D:1      | Bought a scroll of identify for 20 gold pieces
  1123 | D:1      | Identified a scroll of acquirement
  1125 | D:1      | Acquired a manual of Fighting
  1521 | D:2      | You fall into a shaft and drop 1 floor!
  1549 | D:3      | Reached XP level 4. HP: 32/41 MP: 4/4
  2026 | D:3      | Found a sacrificial altar of Ru.
  2051 | D:3      | Reached skill level 5 in Fighting
  2106 | D:3      | Found a sparkling altar of Nemelex Xobeh.
  2115 | D:3      | Became a worshipper of Nemelex Xobeh the Trickster
  2115 | D:3      | Reached * piety under Nemelex Xobeh
  2115 | D:3      | Received a gift from Nemelex Xobeh
  2115 | D:3      | Reached ** piety under Nemelex Xobeh
  2133 | D:3      | Reached XP level 5. HP: 43/48 MP: 5/5
  2179 | D:3      | Received a gift from Nemelex Xobeh
  2649 | D:4      | Noticed a wyvern
  2654 | D:4      | Killed a wyvern
  2655 | D:4      | Reached skill level 6 in Fighting
  2655 | D:4      | Reached XP level 6. HP: 31/58 MP: 5/8
  2758 | D:4      | Reached skill level 7 in Fighting
  2783 | D:4      | Noticed Grinder
  2788 | D:4      | Grinder changed into Grinder the lemure
  2788 | D:4      | Noticed Grinder
  2800 | D:4      | Killed Grinder the lemure
  2801 | D:4      | Reached skill level 8 in Fighting
  2801 | D:4      | Reached skill level 5 in Invocations
  2801 | D:4      | Reached XP level 7. HP: 31/68 MP: 10/10
  3275 | D:4      | Reached skill level 9 in Fighting
  3414 | D:4      | Identified the +2 trident of Seushr Nottio {drain, Fragile
                  | +Blink rF+++ Str+3}
  3426 | D:4      | Found a staircase to the Ecumenical Temple.
  3427 | D:4      | Found an ornate altar of the Wu Jian Council.
  3451 | D:4      | Reached skill level 10 in Fighting
  3542 | D:4      | Found a shadowy altar of Dithmenos.
  3546 | D:4      | Found a snail-covered altar of Cheibriados.
  3941 | D:5      | Entered Level 5 of the Dungeon
  3993 | D:5      | Reached skill level 11 in Fighting
  4016 | D:5      | Reached XP level 8. HP: 83/83 MP: 11/11
  4053 | D:5      | Reached *** piety under Nemelex Xobeh
  4075 | D:5      | Received a gift from Nemelex Xobeh
  4111 | D:5      | Reached skill level 12 in Fighting
  4507 | D:5      | Received a gift from Nemelex Xobeh
  4677 | D:6      | Found a burning altar of Makhleb.
  4800 | D:6      | Reached skill level 13 in Fighting
  5301 | D:6      | Found a shimmering blue altar of Sif Muna.
  5625 | D:6      | Reached skill level 14 in Fighting
  5625 | D:6      | Reached XP level 9. HP: 74/95 MP: 14/14
  5698 | D:6      | Received a gift from Nemelex Xobeh
  6124 | D:7      | Noticed a hornet
  6139 | D:7      | Killed a hornet
  6300 | D:7      | Reached **** piety under Nemelex Xobeh
  6497 | D:7      | Reached skill level 15 in Fighting
  6758 | D:7      | Reached skill level 5 in Dodging
  6986 | D:7      | Found Bauhe's General Store.
  7461 | D:7      | Found Omailak's Weapon Shoppe.
  7511 | D:7      | Received a gift from Nemelex Xobeh
  7528 | D:7      | Reached skill level 10 in Invocations
  8048 | D:8      | Reached skill level 1 in Shields
  8070 | D:8      | Reached skill level 1 in Armour
  8070 | D:8      | Reached XP level 10. HP: 37/105 MP: 17/17
  8292 | D:8      | Found an opulent altar of Gozag.
  8642 | D:8      | Received a gift from Nemelex Xobeh
  8925 | D:8      | Noticed Erica
  8928 | D:8      | Identified the +3 demon trident of Reutyo {pain, Fragile
                  | rPois rC+ Int+2}
  8930 | D:8      | Killed Erica
  9164 | D:8      | Reached ***** piety under Nemelex Xobeh
  9323 | D:8      | Received a gift from Nemelex Xobeh
  9484 | D:9      | Noticed a two-headed ogre
  9489 | D:9      | a two-headed ogre changed into a redback
  9636 | D:9      | Found a staircase to the Orcish Mines.
  9742 | D:9      | Noticed a wizard
  9744 | D:9      | Killed a wizard
  9745 | D:9      | Reached skill level 5 in Shields
  9751 | D:9      | Noticed a white ugly thing
  9752 | D:9      | Noticed a two-headed ogre
  9754 | D:9      | Reached skill level 16 in Fighting
  9758 | D:9      | Killed a brown ugly thing
  9790 | D:9      | HP: 5/107 [two-headed ogre/+0 giant spiked club (9)]
 10079 | D:9      | Noticed Erolcha
 10081 | D:9      | Noticed Maurice
 10097 | D:9      | Reached XP level 11. HP: 111/114 MP: 20/20
 10114 | D:9      | Reached skill level 5 in Armour
 10122 | D:9      | Paralysed by Maurice for 5 turns
 10129 | D:9      | Paralysed by something for 2 turns
 10135 | D:8      | Noticed Maurice
 10141 | D:8      | Killed Maurice the tengu
 10327 | D:8      | Identified the -1 trident "Efootse" {drain, Dex+3 Stlth+}
 10613 | D:9      | Blown up by a kobold brigand

Illustrated notes

Levels and vault maps discovered:
D:1:      dpeg_arrival_solitude, layout_basic,
          shapermc_ecumenical_altar_mp_urbaneastern, serial_shops,
          nicolae_shop_waterfront, shop, shop, minmay_misc_feat_more_columns
D:2:      layout_basic
D:3:      layout_loops_ring, mainiacjoe_overflow_paths,
          nicolae_ru_sacrificial_ziggurat, serial_bayou, serial_bayou_pond_c,
          serial_bayou_shore_a, serial_bayou_lagoon_a, serial_bayou_pond_c,
          serial_bayou_shore_b
D:4:      layout_basic, mainiacjoe_overflow_chevrons, jmf_multi_god_temple,
          minmay_temple_entry_from_below_a, uniq_grinder
D:5:      layout_basic
D:6:      layout_basic, lemuel_crystal_altar, demons_altar,
          nicolae_zen_rock_garden
D:7:      layout_layer_cave, serial_shops, shop_statue, shop
D:8:      layout_loops_ring, lemuel_doored_altar, kennysheep_pointless_box,
          minmay_crystal_water, kennysheep_potato, uniq_erica
D:9:      minmay_the_grid_square_5x5_4x4 [minmay_the_grid_square_5x5_fat_x,
          minmay_the_grid_square_5x5_six,
          minmay_the_grid_square_5x5_beaten_path,
          minmay_the_grid_square_5x5_minivault,
          minmay_the_grid_square_5x5_moneybag,
          minmay_the_grid_square_5x5_prize_open,
          minmay_the_grid_square_5x5_prize_deathbox,
          minmay_the_grid_square_5x5_empty, minmay_the_grid_square_5x5_inset,
          minmay_the_grid_square_5x5_prize_monsterx,
          minmay_the_grid_square_5x5_prize_waves,
          minmay_the_grid_square_5x5_percent,
          minmay_the_grid_square_5x5_inner_i,
          minmay_the_grid_square_5x5_tetrominoes,
          minmay_the_grid_square_5x5_tie, minmay_the_grid_square_5x5_lines],
          layout_rooms, david_orc_3, uniq_erolcha, uniq_maurice

Skill      XL: |  1  2  3  4  5  6  7  8  9 10 11 |
---------------+----------------------------------+-----
Fighting       | 4 5 6 8 11 14 15 16 | 16.9
Stealth        | 2 3 |  3.0
Invocations    | 3 5 6 10 12 | 12.0
Dodging        | 4 5 |  5.0
Shields        | 1 5 |  5.0
Armour         | 1 4 5 |  5.0
Maces & Flails | |  3.8

Action                   |  1- 3 |  4- 6 |  7- 9 | 10-12 || total
-------------------------+-------+-------+-------+-------++-------
Melee: Mace              |   118 |   102 |    17 |       ||   237
       Punch             |     2 |       |     2 |     1 ||     5
       Trident           |       |       |   297 |   146 ||   443
       Flail             |       |       |    17 |       ||    17
Invok: Draw Destruction  |       |     6 |    15 |    18 ||    39
       Triple Draw       |       |       |       |     3 ||     3
       Draw Summoning    |       |       |       |     2 ||     2
       Draw Escape       |       |       |       |     1 ||     1
Evoke: Wand              |       |       |       |     4 ||     4
  Use: Scroll            |     5 |     4 |     6 |     1 ||    16
       Potion            |     1 |       |       |       ||     1
 Stab: Sleeping          |     5 |       |       |       ||     5
       Distracted        |       |       |     1 |       ||     1
Armor: Robe              |    21 |       |       |       ||    21
       Skin              |     5 |     8 |       |       ||    13
       Leather armour    |     4 |     1 |       |       ||     5
       Chain mail        |       |    59 |    99 |       ||   158
       Plate armour      |       |       |    77 |   157 ||   234
Dodge: Dodged            |    87 |    43 |   145 |    86 ||   361

Table legend: (Time is in decaauts)
 A = Elapsed time spent in this place.
 B = Non-inter-level travel time spent in this place.
 C = Inter-level travel time spent in this place.
 D = Time resting spent in this place.
 E = Time spent auto-exploring this place.
 F = Levels seen in this place.
 G = Mean time per level.
                   A        B        C        D        E       F      G
               +--------+--------+--------+--------+--------+-----+--------+
         Total |  10852 |  10525 |    327 |   2106 |   6514 |   9 | 1205.8 |
       Dungeon |  10852 |  10525 |    327 |   2106 |   6514 |   9 | 1205.8 |
               +--------+--------+--------+--------+--------+-----+--------+

Top non-repeatable levels by time:
     D:8: 2204 daAuts
     D:7: 2083 daAuts
     D:6: 1400 daAuts
     D:4: 1231 daAuts
     D:1: 1150 daAuts
     D:3: 977 daAuts
     D:2: 679 daAuts
     D:5: 651 daAuts
     D:9: 472 daAuts
